 Dungeon Crawl Stone Soup version 0.20.1-1-g8b1a95d (webtiles) character file.

413 vineage the Chopper (level 6, -2/53 HPs)
             Began as a Hill Orc Fighter on July 27, 2017.
             Slain by Robin
             ... wielding a +0 falchion of electrocution
              (18 damage)
             ... on level 4 of the Dungeon.
             The game lasted 00:05:13 (2277 turns).

vineage the Chopper (Hill Orc Fighter)              Turns: 2277, Time: 00:05:14

Health: -2/53      AC:  7    Str: 20    XL:     6   Next: 91%
Magic:  6/6        EV:  8    Int:  8    God:
Gold:   131        SH:  9    Dex: 11    Spells: 5/5 levels left

rFire    . . .     SeeInvis .   a - +0 war axe
rCold    . . .     Gourm    .   c - +0 shield
rNeg     . . .     Faith    .   b - +0 scale mail
rPois    +         Spirit   .   (no helmet)
rElec    .         Reflect  .   (no cloak)
rCorr    .         Harm     .   (no gloves)
MR       .....                  (no boots)
Stlth    ..........             (no amulet)
Regen    0.2/turn               h - ring of poison resistance
MPRegen  0.1/turn               (no ring)

@: very slow
A: no striking features
a: no special abilities


You were on level 4 of the Dungeon.
You were full.

You visited 1 branch of the dungeon, and saw 4 of its levels.

You collected 131 gold pieces.

Inventory:

Hand Weapons
 a - a +0 war axe (weapon)
Armour
 b - a +0 scale mail (worn)
 c - a +0 shield (worn)
Jewellery
 h - a ring of poison resistance (left hand)
Wands
 p - a wand of random effects (30/48)
Scrolls
 e - 4 scrolls of remove curse
Potions
 d - a potion of might
 g - a potion of flight
 i - 2 potions of lignification
 m - 3 potions of resistance
 o - 2 potions of brilliance
 q - 2 potions of mutation {unknown}
Comestibles
 f - 3 bread rations
 j - a royal jelly


   Skills:
 + Level 4.7 Fighting
 + Level 5.7 Axes
 + Level 4.6 Armour
 + Level 1.5 Dodging
 + Level 0.6 Stealth
 + Level 4.7 Shields


You had 5 spell levels left.
You didn't know any spells.

Dungeon Overview and Level Annotations

Branches:
Dungeon (4/15)
 Temple: D:4-7

Altars:
Fedhas
Ru

Annotations:
D:4 Robin


Message History

You slash the goblin!
You kill the goblin!
Robin roars a battlecry!
The hobgoblin goes into a battle-frenzy!
You enter the shallow water.
Moving in this stuff is going to be slow.
Robin hits you with a falchion of electrocution.
The hobgoblin hits you but does no damage.
Items here: )) †† a dagger of venom; a club; a goblin corpse x2
Your unstable footing causes you to fumble your attack.
Robin barely misses you. You block the hobgoblin's attack.
Your shield and scale mail prevent you from hitting Robin.
You slash the hobgoblin!
You kill the hobgoblin!
Robin hits you with a falchion of electrocution.
You are electrocuted!
Robin hits you with a falchion of electrocution.
You are electrocuted!
You die...

.##.# #.###.#
.#..# #.# #.#
...## ..# #.#
#..# .## #.##
#.## #. #..# ..#
#. ##)# #<.. #.#
##.
..#####)########
..
..≈≈≈≈).@g≈...≈≈
≈≈≈≈
≈≈≈≈≈≈≈≈≈≈≈≈≈≈≈≈
♣♣♣
♣♣≈≈≈♣♣♣≈.≈♣♣♣≈≈
♣≈≈≈ ♣≈≈≈♣ ♣≈≈
♣≈.≈♣ ≈≈≈ ≈≈.≈≈
.≈≈ .≈≈..≈
≈≈≈≈≈≈≈


You could see Robin.

Vanquished Creatures
  A hippogriff (D:4)
  A howler monkey (D:4)
  An iguana (D:4)
  2 worker ants (D:4)
  2 adders
  3 oozes
  2 worms
  A dart slug (D:3)
  5 leopard geckos
  7 bats
  3 giant cockroaches
  12 hobgoblins
  5 kobolds
  3 quokkas (D:2)
  A ball python (D:2)
  A frilled lizard (D:1)
  14 goblins
  10 rats
74 creatures vanquished.

Notes
Turn   | Place    | Note
-------+----------+-------------------------------------------
     0 | D:1      | vineage the Hill Orc Fighter began the quest for the Orb.
     0 | D:1      | Reached XP level 1. HP: 19/19 MP: 1/1
   137 | D:1      | Reached XP level 2. HP: 27/27 MP: 2/2
   485 | D:1      | Reached skill level 3 in Axes
   643 | D:1      | Reached XP level 3. HP: 31/33 MP: 3/3
  1113 | D:2      | Reached XP level 4. HP: 32/40 MP: 4/4
  1137 | D:2      | Reached skill level 4 in Axes
  1366 | D:3      | Found a sacrificial altar of Ru.
  1672 | D:3      | Found a blossoming altar of Fedhas.
  1938 | D:4      | Reached XP level 5. HP: 35/46 MP: 5/5
  1947 | D:4      | Reached skill level 5 in Axes
  1987 | D:4      | Reached skill level 1 in Dodging
  2180 | D:4      | Noticed a hippogriff
  2194 | D:4      | Killed a hippogriff
  2194 | D:4      | Reached XP level 6. HP: 32/53 MP: 6/6
  2261 | D:4      | Noticed Robin
  2277 | D:4      | Slain by Robin

Skill      XL: |  1  2  3  4  5 |
---------------+----------------+-----
Axes           | 3 4 5 |  5.7
Shields        | 4 |  4.7
Fighting       | 4 |  4.7
Armour         | 4 |  4.6
Dodging        | 1 |  1.5
Stealth        | |  0.6

Action                   |  1- 3 |  4- 6 || total
-------------------------+-------+-------++-------
Melee: War axe           |   139 |   107 ||   246
  Use: Scroll            |     3 |     5 ||     8
       Potion            |       |     2 ||     2
  Eat: Chunk             |       |     2 ||     2
       Meat ration       |       |     1 ||     1
       Royal jelly       |       |     1 ||     1
Armor: Scale mail        |    56 |    48 ||   104
Dodge: Dodged            |    34 |    41 ||    75
Block: Shield            |    77 |    56 ||   133
